 Dungeon Crawl Stone Soup version 0.26-b1-32-g5d43845318 (webtiles) character file.

Game seed: 4694725799435250914

306 dohliylev the Covert (level 6, -4/32 HPs)
             Began as a Vampire Enchanter on Jan 9, 2021.
             Was an Initiate of Makhleb.
             Slain by a crimson imp
             ... wielding a +2 dagger of chaos
              (5 damage)
             ... on level 4 of the Dungeon.
             The game lasted 00:12:53 (4797 turns).

dohliylev the Covert (Vampire Enchanter)            Turns: 4797, Time: 00:12:54

Health: -4/32      AC:  2    Str:  7    XL:     6   Next: 16%
Magic:  4/9        EV: 12    Int: 20    God:    Makhleb [......]
Gold:   251        SH:  0    Dex: 14    Spells: 0/9 levels left

rFire    . . .     SeeInvis +   u - +5 dagger of Satyriasis {pain, rElec}
rCold    + + .     Faith    .   (no shield)
rNeg     + + +     Spirit   .   b - +0 robe
rPois    ∞         Reflect  .   (no helmet)
rElec    +         Harm     .   (no cloak)
rCorr    .         Rampage  .   (no gloves)
Will     .....                  (no boots)
Stlth    ++++++....             (no amulet)
HPRegen  0.00/turn              t - ring of flight
MPRegen  0.11/turn              (no ring)

@: bloodless
A: fangs 3, see invisible, unbreathing
a: Bat Form, Revivify, Renounce Religion, Evoke Flight


You were on level 4 of the Dungeon.
You worshipped Makhleb.
Makhleb was noncommittal.
You visited 1 branch of the dungeon, and saw 4 of its levels.

You collected 251 gold pieces.

Inventory:

Hand Weapons
 u - the +5 dagger of Satyriasis (weapon) {pain, rElec}
   (You found it on level 4 of the Dungeon)

   In the hands of one skilled in necromantic magic, it inflicts extra damage on
   living creatures.
   It insulates you from electricity.
Armour
 b - a +0 robe (worn)
Jewellery
 t - a ring of flight (left hand)
Wands
 q - a wand of random effects (25)
Scrolls
 e - 2 scrolls of enchant armour {unknown}
 f - 2 scrolls of identify {unknown}
 g - a scroll of immolation {unknown}
 j - 3 scrolls of fog {unknown}
 k - 3 scrolls of remove curse {unknown}
 l - 2 scrolls of amnesia {unknown}
 m - 3 scrolls of blinking {unknown}
 o - 2 scrolls of noise {unknown}
 s - a scroll of random uselessness {unknown}
Potions
 a - a potion of attraction {unknown}
 c - a potion of lignification {unknown}
 d - 2 potions of ambrosia {unknown}
 h - a potion of haste {unknown}
 i - 3 potions of curing {unknown}
 n - 2 potions of flight {unknown}
 p - a potion of heal wounds {unknown}
 r - a potion of might {unknown}


   Skills:
 - Level 1.1 Short Blades
 - Level 2.1 Dodging
 + Level 9.6 Stealth
 - Level 2.0 Spellcasting
 - Level 6.1 Hexes
 - Level 0.1 Ice Magic


You couldn't memorise any spells.
You knew the following spells:

 Your Spells              Type           Power        Failure   Level
a - Corona                Hex            28%          1%          1
b - Ensorcelled Hibernat  Hex/Ice        28%          7%          2
c - Dazzling Flash        Conj/Hex       28%          13%         3
d - Confusing Touch       Hex            26%          3%          3

Your spell library contained the following spells:

 Spells                   Type           Power        Failure   Level
 Tukima's Dance           Hex            26%          3%          3
 Freeze                   Ice            8%           16%         1
 Frozen Ramparts          Ice            4%           41%         3
 Ozocubu's Armour         Ice            2%           41%         3
 Hailstorm                Conj/Ice       2%           83%         4
 Summon Ice Beast         Ice/Summ       2%           83%         4


Dungeon Overview and Level Annotations

Branches:
Dungeon (4/15)
 Temple: D:4-7

Altars:
Cheibriados
Makhleb
Xom
The Shining One


Innate Abilities, Weirdness & Mutations

You do not regenerate when monsters are visible.
You are frail without blood (-20% HP).
You can heal yourself when you bite living creatures.
You are immune to poison.
You have razor-sharp teeth.
You have supernaturally acute eyesight. (SInv)
You can survive without breathing.


Message History

You hit the crimson imp but do no damage.
The crimson imp appears confused.
You bite the crimson imp, but do no damage.
You hit the crimson imp.
The crimson imp is lightly wounded.
You hit the crimson imp.
The crimson imp is moderately wounded.
You hit the crimson imp.
The crimson imp is lightly wounded.
You hit the crimson imp but do no damage.
Your bite misses the crimson imp.
The crimson imp is lightly wounded.
The crimson imp barely misses you.
You barely miss the crimson imp. You hit the crimson imp.
The crimson imp is heavily wounded.
You hit the crimson imp.
The crimson imp is heavily wounded.
The crimson imp hits you with a +2 dagger of chaos.
You die...

#.####.# ###
###########.####.###>##
#[..................#.#
#..####.###.####.###.####
#.....#.# #.####........#
##.##.#.# #.......##.##.#
#.##.#.# #######.##.##.#
#......###### #........#
####.##5@.<.# #>.......#
#.##.###.# #........#
#.##.# #.# #........#
#.##.###.# #........#
####.##.....# #........#
#....####.### #........#
####.......#.# ####.#####
#......###.#.#### #.#
#.##.#.###......# #.#


You could see a crimson imp (confused).

Vanquished Creatures
  A phantom (D:4)
  Ijyb (D:3)
  An iguana (D:4)
  A hound skeleton (D:4)
  3 gnolls (D:4)
  5 adders
  A worm (D:2)
  2 dart slugs (D:1)
  4 leopard geckos
  5 orcs (D:3)
  3 giant cockroaches
  4 goblins
  9 hobgoblins
  A quokka (D:4)
  12 bats
  6 frilled lizards
  4 kobolds (D:1)
  A quokka skeleton (D:4)
  9 rats
73 creatures vanquished.

Notes
Turn   | Place    | Note
-------+----------+-------------------------------------------
     0 | D:1      | dohliylev the Vampire Enchanter began the quest for the
                  | Orb.
     0 | D:1      | Reached XP level 1. HP: 13/13 MP: 3/3
   157 | D:1      | Reached XP level 2. HP: 14/19 MP: 3/5
   160 | D:1      | Learned a level 2 spell: Ensorcelled Hibernation
   189 | D:1      | Reached skill level 5 in Stealth
   250 | D:1      | Reached skill level 5 in Hexes
   645 | D:1      | Reached XP level 3. HP: 15/24 MP: 6/6
   782 | D:1      | Learned a level 3 spell: Dazzling Flash
  1348 | D:2      | Found a faded altar of an unknown god.
  1385 | D:2      | Found a burning altar of Makhleb.
  1492 | D:2      | Became a worshipper of Makhleb the Destroyer
  1544 | D:2      | Reached skill level 6 in Stealth
  1560 | D:2      | Reached XP level 4. HP: 24/24 MP: 7/7
  2393 | D:3      | Reached skill level 7 in Stealth
  2673 | D:3      | Found a shimmering altar of Xom.
  2893 | D:3      | Noticed Ijyb
  2900 | D:3      | Killed Ijyb
  2913 | D:3      | Found a snail-covered altar of Cheibriados.
  2981 | D:3      | Reached XP level 5. HP: 28/28 MP: 8/8
  3514 | D:4      | Reached skill level 8 in Stealth
  3662 | D:4      | Found a glowing golden altar of the Shining One.
  3830 | D:4      | Got a blackened dagger
  3831 | D:4      | Identified the +5 dagger of Satyriasis {pain, rElec} (You
                  | found it on level 4 of the Dungeon)
  3855 | D:4      | Noticed a phantom
  3883 | D:4      | Killed a phantom
  3884 | D:4      | Reached skill level 9 in Stealth
  3884 | D:4      | Reached XP level 6. HP: 6/32 MP: 7/9
  3888 | D:4      | Learned a level 3 spell: Confusing Touch
  4475 | D:3      | You fall into a shaft and drop 1 floor!
  4788 | D:4      | HP: 1/32 [crimson imp/+2 dagger of chaos (2)]
  4797 | D:4      | Slain by a crimson imp

Illustrated notes

Levels and vault maps discovered:
D:1:      lemuel_arrival_behind_the_door_small, layout_basic, minmay_domino_4
D:2:      minmay_general_purpose_star, layout_loops_ring,
          chequers_ecumenical_altar_grove, bloody_makhleb
D:3:      layout_basic, nicolae_overflow_hidden_temple, led_xom_imps, uniq_ijyb
D:4:      layout_loops_cross, kennysheep_mini

Skill      XL: |  1  2  3  4  5 |
---------------+----------------+-----
Stealth        | 5 6 7 9 |  9.6
Hexes          | 5 6 |  6.1
Short Blades   | |  1.1
Dodging        | |  2.1
Spellcasting   | |  2.0
Ice Magic      | |  0.1

Action                   |  1- 3 |  4- 6 || total
-------------------------+-------+-------++-------
Melee: Dagger            |   137 |   176 ||   313
       Bite              |    11 |    11 ||    22
 Cast: Corona            |     7 |     3 ||    10
       Ensorcelled Hiber |     7 |    19 ||    26
       Dazzling Flash    |       |     1 ||     1
       Confusing Touch   |       |     4 ||     4
 Abil: Exsanguinate      |     1 |       ||     1
 Stab: Sleeping          |    17 |    14 ||    31
Armor: Robe              |    16 |    28 ||    44
Dodge: Dodged            |    75 |   104 ||   179
